 Dungeon Crawl Stone Soup version 0.18.1-5-g4a78601 (webtiles) character file.

5023 inmateoo the Martial Artist (level 10, -13/60 HPs)
             Began as a Tengu Transmuter on May 11, 2016.
             Was an Elder of Cheibriados.
             Mangled by puimuR's ghost (30 damage)
             ... on level 10 of the Dungeon.
             The game lasted 00:14:15 (9196 turns).

inmateoo the Martial Artist (Tengu Transmuter)      Turns: 9196, Time: 00:14:16

Health: -13/60     AC: 16    Str: 39      XL:     10   Next: 55%
Magic:  12/13      EV: 16    Int: 23      God:    Cheibriados [****..]
Gold:   423        SH:  0    Dex: 25 (26) Spells: 3 memorised, 8 levels left

rFire  + . .     SeeInvis .       - Unarmed
rCold  . . .     Gourm    .     p - +0 chain mail
rNeg   . . .     Faith    .     (no shield)
rPois  +         Spirit   .     (helmet restricted)
rElec  .         Dismiss  +     q - +2 cloak
rCorr  .         Reflect  .     j - +1 pair of gloves of the Furies {*Drain Str+7}
SustAt .         Harm     .     (boots unavailable)
MR     .....                    f - amulet of dismissal
Stlth  ..........               o - +2 ring of strength
                                m - ring of poison resistance

@: mighty, appendage, very slow, not resistant to hostile enchantments,
extremely unstealthy
A: beak, horns 2, talons 3, deterioration 1, fire resistance 1, low mp 1, strong
1, evolution 1, able to fly 1
a: Fly, End Transformation, Bend Time, Temporal Distortion, Slouch, Renounce
Religion


You were on level 10 of the Dungeon.
You worshipped Cheibriados.
Cheibriados was greatly pleased with you.
You were not hungry.
You had grown temporary horns.
You visited 1 branch of the dungeon, and saw 10 of its levels.

You collected 423 gold pieces.

Inventory:

Hand Weapons
 t - a +3 dagger of venom
Missiles
 a - 101 arrows
Armour
 j - the +1 pair of gloves of the Furies (worn) {*Drain Str+7}
   (You found it on level 4 of the Dungeon)

   It affects your strength (+7).
   It causes draining when unequipped.
 p - a +0 chain mail (worn)
 q - a +2 cloak (worn)
Jewellery
 f - an amulet of dismissal (around neck)
 i - an uncursed ring of fire
 m - a ring of poison resistance (left hand)
 o - a +2 ring of strength (right hand)
Wands
 l - a wand of slowing (14/48)
 v - a wand of lightning (8/15)
 y - a wand of teleportation (5/9)
 A - a wand of polymorph (1/24)
Scrolls
 b - a scroll of amnesia
 e - 4 scrolls of identify
 h - a scroll of enchant armour
 n - a scroll of noise
 u - 2 scrolls of remove curse
 w - 3 scrolls of teleportation
Potions
 k - 2 potions of curing
 r - a potion of brilliance
 z - a potion of flight
 F - a potion of agility
 G - a potion of berserk rage {unknown}
Books
 c - a book of Changes

   Spells                             Type                      Level
   a - Beastly Appendage              Transmutation                1
   b - Sticks to Snakes               Transmutation                2
   c - Spider Form                    Transmutation/Poison         3
   d - Ice Form                       Ice/Transmutation            4
   e - Blade Hands                    Transmutation                5
 x - a book of Callings

   Spells                             Type                      Level
   a - Summon Small Mammal            Summoning                    1
   b - Call Imp                       Summoning                    2
   c - Call Canine Familiar           Summoning                    3
   d - Summon Guardian Golem          Hexes/Summoning              3
   e - Summon Lightning Spire         Summoning/Air                4
   f - Summon Ice Beast               Ice/Summoning                4
 D - a book of Unlife

   Spells                             Type                      Level
   a - Recall                         Summoning/Translocation      3
   b - Animate Dead                   Necromancy                   4
   c - Control Undead                 Necromancy                   4
   d - Cigotuvi's Embrace             Necromancy                   5
   e - Death Channel                  Necromancy                   6
   f - Simulacrum                     Ice/Necromancy               6
Comestibles
 d - 11 bread rations
 g - 3 meat rations
 s - 7 fruits
 B - 4 royal jellies
 E - 4 chunks of flesh


   Skills:
 + Level 6.2 Fighting
 + Level 6.9 Armour
 + Level 6.9 Dodging
 * Level 10.1 Unarmed Combat
 + Level 2.6 Spellcasting
 + Level 4.8 Transmutations
 + Level 2.1 Invocations


You had 8 spell levels left.
You knew the following spells:

 Your Spells              Type           Power        Failure   Level  Hunger
a - Beastly Appendage     Trmt           ####..       8%          1    None
b - Sticks to Snakes      Trmt           ####....     12%         2    ##.....
c - Spider Form           Trmt/Pois      ##........   43%         3    ###....


Dungeon Overview and Level Annotations

Branches:
Dungeon (10/15)            Temple (0/1) D:5            Lair (0/8) D:8
    Orc: D:9-12

Altars:
Ashenzari
Cheibriados
Elyvilon
Fedhas
Gozag
Nemelex Xobeh
Pakellas
Ru
Vehumet
Xom
Zin
The Shining One

Annotations:
D:5 exclusion: ogre
D:10 puimuR's ghost, journeyman TrWr


Innate Abilities, Weirdness & Mutations

You have a beak for a mouth.
You have claws for feet.
You can fly.
You have a pair of horns on your head.
Your body sometimes deteriorates upon taking damage.
Your flesh is heat resistant.
Your magical capacity is low (-10% MP).
Your muscles are strong. (Str +2)
You evolve.


Message History

You grow a pair of large bovine horns.
PuimuR's ghost hits you!!
PuimuR's ghost's shroud bends your attack away!
PuimuR's ghost barely misses you.
You barely miss puimuR's ghost. Your kick misses puimuR's ghost.
You headbutt puimuR's ghost! Your peck misses puimuR's ghost.
You punch puimuR's ghost!
PuimuR's ghost is moderately damaged.
PuimuR's ghost hits you!!
* * * LOW HITPOINT WARNING * * *
Read which item? (? for menu, Esc to quit)
Okay, then.
Drink which item? (? for menu, Esc to quit)
You feel better.
PuimuR's ghost shouts, "They lied to you.
The Dungeon just goes down and down forever."
PuimuR's ghost hits you!
* * * LOW HITPOINT WARNING * * *
Drink which item? (? for menu, Esc to quit)
You feel better. PuimuR's ghost hits you!!
Ouch! That really hurt!
You die...

###.........####.
##.......##
##.....## ##...##
##'#### #.#..
#.#.# ##.#W#
#..@.# #.....#
#.......#
#.###.#.. ...
###### ###


You could see puimuR's ghost.

Vanquished Creatures
  Pikel (D:6)
  A komodo dragon (D:9)
  A troll (D:9)
  Sigmund (D:3)
  A wyvern (D:10)
  Eustachio (D:6)
  A hungry ghost (D:9)
  2 hippogriffs (D:8)
  A steam dragon (D:9)
  An ice beast (D:8)
  2 orc warriors
  A necrophage (D:9)
  A black bear (D:6)
  4 ogres
  A phantom (D:7)
  2 centaurs
  A crocodile (D:10)
  4 giant frogs
  A gnoll sergeant (D:8)
  5 scorpions
  A wyvern skeleton (D:6)
  4 spriggan skeletons (D:9)
  A troll skeleton (D:9)
  5 howler monkeys
  2 crimson imps
  5 hounds
  2 orc priests
  2 centaur skeletons
  An iguana (D:6)
  5 orc wizards
  8 worker ants
  A hound skeleton (D:5)
  A howler monkey skeleton (D:4)
  4 gnolls
  9 adders
  A shadow imp (D:7)
  2 adder skeletons
  3 worms
  A dart slug (D:1)
  6 giant geckos
  33 orcs
  4 giant cockroaches
  6 goblins
  3 hobgoblins
  19 jackals
  2 quokkas
  2 ball pythons
  7 bats
  A giant gecko zombie (D:5)
  5 giant newts
  7 kobolds
  3 quokka skeletons
  5 rats
194 creatures vanquished.

Vanquished Creatures (others)
  3 slaves
  A black bear (D:9)
  A giant frog (D:9)
  2 howler monkeys
  A hound (D:9)
  An orc wizard (D:7)
  An orc (D:7)
  2 quokkas
  A giant newt (D:2)
  2 fungi (D:8)
  A plant (D:8)
16 creatures vanquished.

Grand Total: 210 creatures vanquished

Notes
Turn   | Place    | Note
--------------------------------------------------------------
     0 | D:1      | inmateoo the Tengu Transmuter began the quest for the Orb.
     0 | D:1      | Reached XP level 1. HP: 12/12 MP: 4/4
   368 | D:1      | Reached XP level 2. HP: 14/16 MP: 6/6
   937 | D:1      | Reached skill level 1 in Armour
  1124 | D:2      | Reached XP level 3. HP: 7/21 MP: 5/7
  1720 | D:2      | Found a radiant altar of Vehumet.
  1909 | D:2      | Noticed Sigmund
  2412 | D:3      | Reached XP level 4. HP: 23/27 MP: 6/8
  2998 | D:3      | Reached skill level 4 in Unarmed Combat
  3029 | D:2      | Gained mutation: You can fly. [Tengu growth]
  3029 | D:2      | Reached XP level 5. HP: 14/32 MP: 9/9
  3330 | D:3      | Found a glowing golden altar of the Shining One.
  3335 | D:3      | Gained mutation: You are partially covered in slimy green scales (AC +2). [potion of mutation]
  3335 | D:3      | Lost mutation: You are partially covered in slimy green scales (AC +2). [potion of mutation]
  3335 | D:3      | Gained mutation: Your flesh is heat resistant. [potion of mutation]
  3356 | D:3      | Learned a level 2 spell: Sticks to Snakes
  3371 | D:3      | Killed Sigmund
  3371 | D:3      | Reached skill level 5 in Unarmed Combat
  3371 | D:3      | Reached XP level 6. HP: 32/37 MP: 0/10
  3647 | D:3      | Learned a level 3 spell: Spider Form
  3976 | D:4      | Got a pair of ichor-stained gloves
  3987 | D:4      | Identified the +1 pair of gloves of the Furies {*Drain Str+7} (You found it on level 4 of the Dungeon)
  4426 | D:4      | Found a snail-covered altar of Cheibriados.
  4434 | D:4      | Became a worshipper of Cheibriados the Contemplative
  4437 | D:4      | Found a glowing silver altar of Zin.
  4823 | D:5      | Entered Level 5 of the Dungeon
  4858 | D:5      | Found a staircase to the Ecumenical Temple.
  4989 | D:5      | Reached XP level 7. HP: 40/41 MP: 11/11
  5443 | D:5      | Reached * piety under Cheibriados
  5664 | D:6      | Reached skill level 6 in Unarmed Combat
  5693 | D:6      | Noticed Eustachio
  5697 | D:6      | Reached XP level 8. HP: 45/48 MP: 12/12
  5718 | D:6      | Killed Eustachio
  5872 | D:6      | Reached ** piety under Cheibriados
  5879 | D:6      | Found a shattered altar of Ashenzari.
  5879 | D:6      | Found a shimmering altar of Xom.
  5990 | D:6      | Found an opulent altar of Gozag.
  5997 | D:6      | Found a white marble altar of Elyvilon.
  6060 | D:7      | Noticed Pikel
  6073 | D:6      | Killed Pikel
  6073 | D:6      | Reached skill level 5 in Armour
  6073 | D:6      | Reached skill level 5 in Dodging
  6073 | D:6      | Reached skill level 7 in Unarmed Combat
  6173 | D:7      | Found a blossoming altar of Fedhas.
  6202 | D:7      | Reached XP level 9. HP: 53/53 MP: 13/13
  6299 | D:7      | Reached skill level 8 in Unarmed Combat
  6326 | D:7      | Reached skill level 5 in Fighting
  6336 | D:7      | Reached *** piety under Cheibriados
  7570 | D:8      | Found a staircase to the Lair.
  7669 | D:8      | Found a sacrificial altar of Ru.
  7875 | D:7      | Reached skill level 9 in Unarmed Combat
  7916 | D:7      | Reached **** piety under Cheibriados
  8061 | D:9      | Reached skill level 1 in Invocations
  8061 | D:9      | Reached XP level 10. HP: 56/60 MP: 11/14
  8093 | D:9      | Found an oddly glowing altar of Pakellas.
  8105 | D:9      | Gained mutation: Your body sometimes deteriorates upon taking damage. [potion of mutation]
  8105 | D:9      | Gained mutation: You are robust (+10% HP). [potion of mutation]
  8105 | D:9      | Lost mutation: You are robust (+10% HP). [potion of mutation]
  8264 | D:9      | Gained mutation: You evolve. [potion of mutation]
  8264 | D:9      | Gained mutation: Your magical capacity is low (-10% MP). [potion of mutation]
  8264 | D:9      | Gained mutation: Your muscles are strong. (Str +2) [potion of mutation]
  8305 | D:9      | Found a sparkling altar of Nemelex Xobeh.
  8862 | D:10     | Entered Level 10 of the Dungeon
  8867 | D:10     | Reached skill level 10 in Unarmed Combat
  9190 | D:10     | Noticed puimuR's ghost (journeyman TrWr)
  9196 | D:10     | Mangled by puimuR's ghost

Skill      XL: |  1  2  3  4  5  6  7  8  9 10 |
---------------+-------------------------------+-----
Armour         | 1 2 3 4 5 6 |  6.9
Fighting       | 2 3 4 5 6 |  6.2
Unarmed Combat | 4 5 6 7 9 10 | 10.1
Dodging        | 3 4 5 6 |  6.9
Transmutations | 2 3 4 |  4.8
Invocations    | 1 2 |  2.1
Spellcasting   | |  2.6

Action                   |  1- 3 |  4- 6 |  7- 9 | 10-12 || total
-------------------------+-------+-------+-------+-------++-------
Melee: Unarmed           |   104 |    73 |    43 |    94 ||   314
       Kick              |    22 |    43 |   116 |    51 ||   232
       Peck              |    16 |    34 |    82 |    38 ||   170
       Headbutt          |     4 |     9 |       |     2 ||    15
       Punch             |       |     2 |    11 |     6 ||    19
       Dagger            |       |    70 |   225 |       ||   295
 Cast: Beastly Appendage |     5 |     8 |       |     2 ||    15
       Sticks to Snakes  |       |     3 |       |       ||     3
 Abil: Fly               |       |       |     1 |       ||     1
  Use: Scroll            |       |    11 |     6 |     1 ||    18
       Potion            |       |     1 |     1 |     5 ||     7
 Stab: Sleeping          |     2 |     2 |     1 |       ||     5
  Eat: Chunk             |     4 |     8 |     5 |     4 ||    21
       Royal jelly       |       |     1 |       |       ||     1
       Fruit             |       |       |     1 |       ||     1
Armor: Robe              |     9 |    36 |    15 |       ||    60
       Chain mail        |       |       |    88 |    31 ||   119
       Skin              |       |       |    29 |       ||    29
Dodge: Dodged            |    62 |   125 |   198 |    54 ||   439
